 Dungeon Crawl Stone Soup version bcrawl-1.21.3-2-g9d8a61a446 (webtiles) character file.

Game seed: 768143022443704190

346 funkygono the Shield-Bearer (level 6, -2/38 HPs)
             Began as a Gargoyle Fighter on Apr 13, 2020.
             Killed from afar by an orc wizard (9 damage)
             ... with a puff of flame
             ... on level 4 of the Dungeon.
             The game lasted 00:08:44 (4009 turns).

funkygono the Shield-Bearer (Gargoyle Fighter)      Turns: 4009, Time: 00:08:45

Health: -2/38      AC: 19    Str: 21    XL:     6   Next: 59%
Magic:  6/6        EV:  4    Int:  9    God:
Gold:   267        SH: 15    Dex:  9    Spells: 5/5 levels left

rFire    . . .     SeeInvis .   a - +0 flail
rCold    . . .     Gourm    .   i - +0 large shield
rNeg     + . .     Faith    .   f - +0 chain mail
rPois    ∞         Spirit   .   k - +1 helmet
rElec    +         Reflect  .   h - +1 cloak
rCorr    .         Harm     .   m - +0 pair of gloves
MR       +....                  (no boots)
Stlth    ..........             w - amulet of inaccuracy (curse)
HPRegen  0.12/turn              u - ring of protection from magic
MPRegen  0.10/turn              (no ring)

@: no status effects
A: negative energy resistance 1, electricity resistance, unbreathing,
petrification resistance, rot immunity, AC +4
a: no special abilities


You were on level 4 of the Dungeon.
You were not hungry.

You visited 1 branch of the dungeon, and saw 4 of its levels.

You collected 267 gold pieces.

Inventory:

Hand Weapons
 a - a +0 flail (weapon)
Missiles
 b - 888 stones (quivered)
 j - 605 bolts
Armour
 f - a +0 chain mail (worn)
 h - a +1 cloak (worn)
 i - a +0 large shield (worn)
 k - a +1 helmet (worn)
 m - a +0 pair of gloves (worn)
 v - a +1 ring mail of poison resistance
Jewellery
 p - an uncursed amulet of magic regeneration
 q - a +4 amulet of reflection
 u - a ring of protection from magic (left hand)
 w - a cursed amulet of inaccuracy (around neck)
Wands
 t - a wand of polymorph (7)
Potions
 c - 2 potions of lignification
 d - 2 potions of might
 g - a potion of haste {unknown}
 l - a potion of flight {unknown}
 n - 2 potions of brilliance {unknown}
 o - a potion of heal wounds
 r - 2 potions of curing {unknown}
 s - 2 potions of resistance {unknown}
Comestibles
 e - 2 rations {!d}
 x - 2 chunks of flesh


   Skills:
 + Level 3.9 Fighting
 + Level 4.4 Maces & Flails
 + Level 3.6 Armour
 + Level 0.9 Dodging
 + Level 0.1 Stealth
 + Level 5.6 Shields


You had 5 spell levels left.
You didn't know any spells.
Your spell library was empty.

Dungeon Overview and Level Annotations

Branches:
Dungeon (4/12)
 Temple: D:4-7

Altars:


Innate Abilities, Weirdness & Mutations

You are resistant to torment.
Your stone body is resilient. (AC +4)
You are immune to poison.
You resist negative energy. (rN+)
You are resistant to electric shocks. (rElec)
You can survive without breathing.
You are immune to petrification.
You are immune to rotting.


Message History

The magic dart hits you. The orc wizard casts a spell at you.
The puff of flame hits you.
Your shield and chain mail prevent you from hitting the orc wizard.
The orc wizard hits you but does no damage. x2
You barely miss the orc wizard. You block the orc wizard's attack.
The orc wizard hits you but does no damage.
You thump the orc wizard!
The orc wizard is almost dead.
The orc wizard barely misses you. The orc wizard casts a spell at you.
The puff of frost hits you but does no damage.
You miss the orc wizard.
The orc wizard is almost dead.
The orc wizard gestures at you while chanting.
The puff of flame hits you!
* * * LOW HITPOINT WARNING * * *
The orc wizard gestures at you while chanting.
The puff of flame hits you!
You die...

#..#.#.#.# #..#...#>#
#..#...#.# ####
####........# (.o
.....#...### #o.
.....#...# # #{#
####.#...#
.###.##.#######......#
........##goo@.......#
###.....)og####<..#.##
........#### ##.##.#
......... .....#
######### #######


You could see an orc priest, an orc wizard, 2 gnolls and an orc.

Vanquished Creatures
  A hound (D:4)
  An orc priest (D:3)
  2 orc wizards (D:4)
  Ijyb (D:3)
  A worker ant (D:4)
  Robin (D:2)
  5 gnolls
  3 adders (D:3)
  An adder skeleton (D:4)
  2 dart slugs
  3 leopard geckos
  13 orcs (D:3)
  2 giant cockroaches
  14 goblins
  9 hobgoblins
  7 jackals
  10 kobolds
  A quokka (D:3)
  6 bats
  6 frilled lizards
  6 rats
  5 bushes (D:2)
  4 plants (D:2)
104 creatures vanquished.

Notes
Turn   | Place    | Note
-------+----------+-------------------------------------------
     0 | D:1      | funkygono the Gargoyle Fighter began the quest for the Orb.
     0 | D:1      | Reached XP level 1. HP: 14/14 MP: 1/1
   246 | D:1      | Reached XP level 2. HP: 17/19 MP: 2/2
   908 | D:1      | Reached XP level 3. HP: 23/23 MP: 3/3
  1268 | D:2      | Reached skill level 4 in Shields
  1687 | D:2      | Noticed Robin
  1753 | D:2      | Reached XP level 4. HP: 11/28 MP: 4/4
  1766 | D:2      | Killed Robin
  2683 | D:3      | Reached XP level 5. HP: 33/33 MP: 5/5
  3104 | D:3      | Reached skill level 5 in Shields
  3429 | D:3      | Noticed Ijyb
  3458 | D:3      | Killed Ijyb
  3458 | D:3      | Reached XP level 6. HP: 38/38 MP: 6/6
  4009 | D:4      | Killed from afar by an orc wizard

Skill      XL: |  1  2  3  4  5 |
---------------+----------------+-----
Shields        | 4 5 |  5.6
Maces & Flails | 3 4 |  4.4
Fighting       | |  3.9
Armour         | |  3.6
Dodging        | |  0.9
Stealth        | |  0.1

Action                   |  1- 3 |  4- 6 || total
-------------------------+-------+-------++-------
Melee: Flail             |   249 |   729 ||   978
       Unarmed           |       |    15 ||    15
  Use: Scroll            |     3 |     3 ||     6
       Potion            |       |     2 ||     2
  Eat: Chunk             |     3 |     7 ||    10
       Ration            |       |     1 ||     1
Armor: Scale mail        |    43 |       ||    43
       Chain mail        |   127 |   182 ||   309
       Skin              |       |     2 ||     2
Dodge: Dodged            |    46 |    30 ||    76
Block: Medium shield     |    11 |       ||    11
       Large shield      |   230 |   303 ||   533
       Reflection        |       |     7 ||     7
       Other             |       |     1 ||     1
